 Dungeon Crawl Stone Soup version 0.30-a0-557-ge2afbf3030 (webtiles) character file.

Game seed: 18400420517492170085

93 Zonian the Sneak (level 4, -3/23 HPs)
             Began as a Vine Stalker Brigand on Dec 28, 2022.
             Slain by a gnoll
             ... wielding a +0 flail
              (7 damage)
             ... on level 3 of the Dungeon.
             The game lasted 00:03:48 (2495 turns).

Zonian the Sneak (Vine Stalker Brigand)             Turns: 2495, Time: 00:03:49

Health: -3/23      AC:  4    Str: 14    XL:     4   Next: 61%
Magic:  0/5        EV: 12    Int: 11    God:
Gold:   219        SH:  0    Dex: 17    Spells: 3/3 levels left

rFire   . . .      SeeInvis .    g - +1 dagger (venom)
rCold   . . .      Faith    .    (no shield)
rNeg    . . .      Spirit   +    b - +0 robe
rPois   +          Reflect  .    (no helmet)
rElec   .          Harm     .    c - +0 cloak
rCorr   .          Rampage  .    x - +0 pair of gloves
Will    .....                    (no boots)
Stlth   ++++                     (no amulet)
HPRegen 1.03/turn                j - ring of wizardry
MPRegen 0.09/turn                o - ring of poison resistance

@: no status effects
A: fangs 2, regeneration 1, magic shield, antimagic bite, no potion heal 2
a: no special abilities


You were on level 3 of the Dungeon.
You visited 1 branch of the dungeon, and saw 3 of its levels.

You collected 219 gold pieces.

Inventory:

Hand Weapons
 a - a +2 dagger
 g - a +1 dagger of venom (weapon)
 i - a +0 short sword
Missiles
 d - 9 poisoned darts (quivered)
 e - 3 curare-tipped darts
 k - 6 javelins
 p - 3 boomerangs
Armour
 b - a +0 robe (worn)
 c - a +0 cloak (worn)
 w - a +2 ring mail of poison resistance
 x - a +0 pair of gloves (worn)
Jewellery
 j - a ring of wizardry (left hand)
 o - a ring of poison resistance (right hand)
Scrolls
 f - a scroll of fog {unknown}
 q - 3 scrolls of teleportation {unknown}
 v - a scroll of amnesia {unknown}
 y - a scroll of identify
Potions
 h - 2 potions of heal wounds
 l - a potion of might
 m - a potion of brilliance {unknown}
 n - a potion of resistance {unknown}
 r - 2 potions of invisibility
 s - 2 potions of mutation
 t - a potion of degeneration {unknown}
 u - a potion of haste


   Skills:
 - Level 1.9 Fighting
 - Level 2.0 Short Blades
 - Level 1.9 Throwing
 - Level 1.0 Dodging
 + Level 7.0 Stealth


You had 3 spell levels left.
You didn't know any spells.
Your spell library was empty.

Dungeon Overview and Level Annotations

Branches:
Dungeon (3/15)

Altars:
Cheibriados
Gozag
Xom


Innate Abilities, Weirdness & Mutations

You have extremely sharp teeth.
Your natural rate of healing is unusually fast.
When hurt, damage is shared between your health and your magic reserves.
Your bite disrupts and absorbs the magic of your enemies.
Potions cannot restore your health.


Message History

A frilled lizard comes into view.
A frilled lizard is nearby!
The helpless frilled lizard fails to defend itself.
You stick the frilled lizard like a pincushion!!!
You kill the frilled lizard!
No target in view!
Unknown command. 2 gnolls come into view.
There are monsters nearby!
The gnoll shouts!
You hear a shout! x2
The gnoll throws a throwing net.
The throwing net hits you.
You become entangled in the net!
A gnoll comes into view. It is wielding a +0 spear.
You see here a throwing net.
You are held in a net!
You are held in a net!
You are held in a net!
You tear a large gash into the net.
You struggle against the net.
You shred the net and break free! The gnoll hits you with a +0 spear.
The gnoll misses you.
You hit the gnoll.
The gnoll is poisoned.
Your bite misses the gnoll.
The gnoll is lightly wounded.
The gnoll hits you but does no damage. The gnoll barely misses you.
The gnoll shouts!
You hit the gnoll but do no damage.
The gnoll looks as sick as possible!
The gnoll is lightly wounded.
The gnoll hits you with a +0 spear. The gnoll closely misses you.
You barely miss the gnoll. You bite the gnoll. You drain its power.
You feel invigorated.
The gnoll is heavily wounded.
The gnoll hits you with a +0 spear. The gnoll hits you with a +0 flail.
The gnoll hits you from afar with a +0 spear!
* * * LOW HITPOINT WARNING * * *
You hit the gnoll.
The gnoll looks as sick as possible!
The gnoll is severely wounded.
The gnoll hits you with a +0 spear.
* * * LOW HITPOINT WARNING * * *
The gnoll hits you with a +0 flail!
You die...

#.#.#.#.# ##.##
#...#.#.# #.#
#.###.#.# #.# #.#
#.#.# ##'##
#.##.###.#.# ##...#
#..........# ##.....
####†##.#### #......
#####g#.############.
#.gg@...##_#_#.#.###.
#.###.#.#.†#.#.#.#.8.
#.#.#⌠...........
#.#.#⌠...........
#.#.#..#.#.#.#.8#
#.#.##_#8###⌠####
#.#.###### ### ....#


You could see 3 gnolls.

Vanquished Creatures
  3 gnolls (D:3)
  2 dart slugs (D:1)
  5 ball pythons
  5 bats
  9 endoplasms
  4 giant cockroaches
  5 goblins
  2 hobgoblins (D:2)
  2 jackals (D:1)
  6 kobolds
  A quokka (D:1)
  5 frilled lizards
  9 rats
58 creatures vanquished.

Notes
Turn   | Place    | Note
-------+----------+-------------------------------------------
     0 | D:1      | Zonian the Vine Stalker Brigand began the quest for the
                  | Orb.
     0 | D:1      | Reached XP level 1. HP: 11/11 MP: 2/2
   424 | D:1      | Reached skill level 1 in Dodging
   424 | D:1      | Reached XP level 2. HP: 15/15 MP: 3/3
   443 | D:1      | Reached skill level 5 in Stealth
  1029 | D:2      | Reached XP level 3. HP: 18/18 MP: 4/4
  1286 | D:2      | Found a faded altar of an unknown god.
  1462 | D:2      | Reached skill level 6 in Stealth
  2011 | D:3      | Gained mutation: Your natural rate of healing is unusually
                  | fast. [Vine Stalker growth]
  2011 | D:3      | Reached XP level 4. HP: 23/23 MP: 5/5
  2304 | D:3      | Reached skill level 7 in Stealth
  2427 | D:3      | Found a shimmering altar of Xom.
  2428 | D:3      | Found an opulent altar of Gozag.
  2429 | D:3      | Found a snail-covered altar of Cheibriados.
  2495 | D:3      | Slain by a gnoll

Illustrated notes

Levels and vault maps discovered:
D:1:      roderic_chinese_lattice_arrival, layout_loops_ring,
          minmay_misc_feat_more_columns
D:2:      minmay_diamond_boxcup, layout_rooms,
          shapermc_ecumenical_altar_flowoftime
D:3:      layout_loops_corners, minitemple, chequers_serial_rivers_micro_e

Skill      XL: |  1  2  3  4 |
---------------+-------------+-----
Dodging        | 1 |  1.0
Short Blades   | 2 |  2.0
Stealth        | 5 6 7 |  7.0
Fighting       | |  1.9
Throwing       | |  1.9

Action                   |  1- 3 |  4- 6 || total
-------------------------+-------+-------++-------
Melee: Dagger            |    97 |    18 ||   115
       Bite              |    22 |     1 ||    23
       Punch             |     1 |       ||     1
  Use: Scroll            |     5 |       ||     5
 Stab: Sleeping          |    14 |    10 ||    24
Armor: Robe              |    22 |     1 ||    23
Dodge: Dodged            |    45 |     5 ||    50

Table legend: (Time is in decaauts)
 A = Elapsed time spent in this place.
 B = Non-inter-level travel time spent in this place.
 C = Inter-level travel time spent in this place.
 D = Time resting spent in this place.
 E = Time spent auto-exploring this place.
 F = Levels seen in this place.
 G = Mean time per level.
                   A        B        C        D        E       F      G
               +--------+--------+--------+--------+--------+-----+--------+
         Total |   2481 |   2463 |     18 |    402 |   1593 |   3 |  827.0 |
       Dungeon |   2481 |   2463 |     18 |    402 |   1593 |   3 |  827.0 |
               +--------+--------+--------+--------+--------+-----+--------+

Top non-repeatable levels by time:
     D:1: 1015 daAuts
     D:3: 787 daAuts
     D:2: 678 daAuts
